AoeStats
← Punisher1227

Black Forest

504935219Analyzed
4v4 RM · 25d ago on Sep 7, 2026· 65m 21s· 8 players
Game mode
Random Map
Map size
Large (8 player)
Population
200
Speed
Normal
Resources
Standard
Victory
Conquest
Starting age
Dark Age
Ending age
Imperial Age
RankedLock teamsTeams togetherTeam positionsShared explorationLock speedFull tech treeHidden civsTurbo modeCheats
Victory
Defeat
🇲🇽 Goths · Mexico
949
+16
🇺🇸 Vikings · United States
915
+17
859
+20
🇲🇽 Teutons · Mexico
804
+22
🇺🇸 Ethiopians · United States
1043
-22
🇺🇸 Saracens · United States
962
-20
🇺🇸 Bohemians · United States
946
-19
🇺🇸 Romans · United States
820
-14
Nemesis
13:55 Feudal Age
19:03 Castle Age
19:18 Double-Bit Axe
20:02 Fletching
21:01 Bow Saw
21:43 Crossbowman
27:33 Scale Mail Armor
31:45 Chain Mail Armor
31:43 Forging
36:19 Imperial Age
38:12 Plate Mail Armor
38:02 Elite Skirmisher
38:41 Bodkin Arrow
43:37 Conscription
44:52 Iron Casting
44:17 Bracer
44:50 Arson
45:05 Squires
46:45 Blast Furnace
46:19 Padded Archer Armor
49:23 Two-Man Saw
48:19 Pikeman
49:51 Ballistics
53:24 Leather Archer Armor
56:14 Ring Archer Armor
56:49 Chemistry
55:31 Treadmill Crane
55:58 Siege Engineers
56:22 Arbalester
60:23 Bogsveigar
richi_maron_90
0:30 Loom
15:25 Feudal Age
23:17 Castle Age
29:12 Imperial Age
27:07 Double-Bit Axe
30:29 Wheelbarrow
29:37 Horse Collar
30:33 Heavy Plow
31:49 Conscription
35:50 Elite Skirmisher
41:19 Pikeman
42:00 Squires
41:45 Arson
41:46 Gambesons
41:56 Halberdier
43:30 Hand Cart
43:38 Fletching
43:49 Padded Archer Armor
44:00 Forging
43:56 Scale Barding Armor
43:52 Scale Mail Armor
44:25 Crop Rotation
50:00 Bow Saw
53:50 Chemistry
53:11 Ballistics
53:03 Fortified Wall
53:04 Masonry
52:49 Elite Teutonic Knight
55:57 Chain Barding Armor
55:52 Chain Mail Armor
56:13 Iron Casting
55:33 Bodkin Arrow
55:54 Leather Archer Armor
56:44 Two-Man Saw
62:32 Plate Barding Armor
62:28 Plate Mail Armor
62:58 Blast Furnace
62:29 Ring Archer Armor
63:50 Bombard Tower
63:54 Ironclad
Alexitobb
1:28 Loom
14:15 Feudal Age
19:28 Castle Age
17:19 Horse Collar
17:29 Double-Bit Axe
19:26 Wheelbarrow
25:19 Fervor
26:33 Heavy Plow
26:54 Bow Saw
27:17 Stone Mining
27:20 Gold Mining
28:38 Scale Mail Armor
33:29 Hand Cart
34:06 Forging
33:49 Fletching
36:12 Anarchy
36:53 Iron Casting
36:34 Chain Mail Armor
36:19 Padded Archer Armor
36:15 Bodkin Arrow
37:46 Stone Mining
40:35 Imperial Age
41:21 Leather Archer Armor
40:49 Pikeman
41:29 Squires
42:00 Conscription
42:54 Crop Rotation
43:29 Two-Man Saw
42:30 Town Watch
44:37 Blast Furnace
43:13 Elite Skirmisher
45:15 Perfusion
48:27 Stone Shaft Mining
48:03 Bracer
48:40 Ring Archer Armor
49:01 Halberdier
49:03 Elite Huskarl
50:21 Ballistics
52:42 Chemistry
[MIAAU] Gatúbelo Palestinian
TheProtagoniist
5:30 Loom
11:01 Feudal Age
16:16 Castle Age
16:08 Double-Bit Axe
16:30 Horse Collar
18:13 Wheelbarrow
24:56 Bow Saw
24:55 Heavy Plow
25:57 Gold Mining
26:13 Stone Mining
28:07 Hand Cart
28:13 Town Watch
29:27 Scale Barding Armor
29:33 Forging
30:16 Gold Shaft Mining
30:16 Husbandry
30:27 Bloodlines
29:38 Light Cavalry
30:27 Devotion
31:43 Chain Barding Armor
34:36 Imperial Age
33:38 Iron Casting
32:54 Fletching
34:43 Elite Mameluke
34:59 Hussar
37:40 Two-Man Saw
38:35 Conscription
39:49 Blast Furnace
39:41 Plate Barding Armor
40:30 Conscription
48:33 Capped Ram
49:32 Fortified Wall
50:24 Chemistry
49:29 Siege Engineers
49:22 Murder Holes
49:48 Ballistics
49:39 Masonry
50:22 Hoardings
50:00 Caravan
WorstAntagonist
0:44 Loom
The CandyMan
0:26 Loom
12:01 Feudal Age
13:51 Double-Bit Axe
19:02 Castle Age
18:17 Fishing Lines
20:07 Wheelbarrow
19:58 Gillnets
26:24 Bow Saw
25:56 Horse Collar
28:04 Forging
28:38 Arson
28:53 Squires
28:56 Elite Skirmisher
29:38 Pikeman
31:41 Scale Mail Armor
31:32 Fletching
32:17 Heavy Plow
33:43 Crossbowman
35:43 Iron Casting
35:24 Chain Mail Armor
35:04 Bodkin Arrow
34:40 Man-at-Arms
38:22 Imperial Age
36:44 Long Swordsman
39:28 Halberdier
39:56 Two-Handed Swordsman
45:38 Murder Holes
47:25 Conscription
49:14 Chemistry
48:35 Ballistics
48:25 Fortified Wall
48:52 Wagenburg Tactics
49:29 Plate Mail Armor
Punisher1227
1:54 Loom
13:08 Feudal Age
15:14 Double-Bit Axe
15:12 Horse Collar
16:58 Wheelbarrow
16:56 Gold Mining
23:47 Castle Age
23:34 Stone Mining
26:09 Heavy Plow
26:22 Bow Saw
27:03 Gold Shaft Mining
26:32 Man-at-Arms
27:14 Scale Mail Armor
27:25 Forging
29:05 Long Swordsman
38:32 Ballistics
51:01 Ballistas
Connection lost

Rejoining the realm…

Still unreachable

The connection could not be restored.

Session expired

The server has moved on; the page needs a fresh start.